Map: Habitation Station LE (Void)

Players

frankk - Winner!

  • Race: Terran Terran
  • League: Gold
  • Spawn Location: 1:00

Fropez

  • Race: Protoss Protoss
  • League: Gold
  • Spawn Location: 11:00

VOD

Have the link to the VOD?

Description

Time

  • Played on: Jan. 23, 2017, 8:20 p.m.
  • Length: 8:27
Show
View Real Time Build Order
Export as new Build Order

frankk Terran - Winner!

Build Orders:  

Get SALT Encoding   

  12  0:03  SCV  
  13  0:15  SCV  
  14  0:27  SCV, Supply Depot  
  15  0:48  SCV  
  16  0:50  Supply Depot, Barracks  
  16  1:00  Refinery  
  16  1:01  Refinery  
  16  1:05  SCV  
  17  1:18  SCV  
  18  1:22  Barracks  
  18  1:30  SCV  
  19  1:42  SCV  
  19  1:43  Marine  
  21  1:52  Factory  
  21  1:57  SCV  
  22  2:08  Barracks Tech Lab  
  22  2:09  SCV  
  22  2:14  Barracks Tech Lab  
  23  2:29  SCV  
  24  2:33  Engineering Bay  
  24  2:41  Starport  
  24  2:42  Factory Tech Lab  
  24  2:47  Marauder  
  24  2:50  Concussive Shells  
  26  3:01  Widow Mine  
  27  3:14  Marauder, Missile Turret  
  27  3:18  Medivac  
  31  3:35  Supply Depot  
  31  3:57  Marauder  
  31  3:58  Marauder  
  31  4:02  Medivac  
  37  4:18  Marauder  
  37  4:22  Stimpack  
  39  4:29  Supply Depot  
  39  4:51  Marauder x2  
  43  4:54  Supply Depot  
  43  5:02  Siege Tank  
  46  5:16  Marauder x2  
  46  5:37  Marauder  
  46  5:51  Marauder  
  46  5:53  Siege Tank  
  46  5:54  Medivac  
  49  5:59  Marauder  
  51  6:12  Marauder  
  51  6:16  Supply Depot  
  53  6:19  Supply Depot  
  53  6:20  Marauder  
  55  6:37  Marine  
  55  6:38  Viking  
  58  6:41  Marine  
  58  6:44  Cyclone  
  62  6:59  Orbital Command  
  62  7:08  Viking  
  56  7:38  Viking  
Show
View Real Time Build Order
Export as new Build Order

Fropez Protoss 

Build Orders: 1 Gate Expand 

Get SALT Encoding   

  13  0:09  Probe (Chrono Boost)  
  13  0:16  Pylon  
  13  0:20  Probe (Chrono Boost)  
  14  0:30  Probe (Chrono Boost)  
  15  0:38  Gateway  
  15  0:41  Probe (Chrono Boost)  
  16  0:51  Probe (Chrono Boost)  
  17  1:01  Assimilator  
  17  1:02  Probe (Chrono Boost)  
  18  1:12  Probe (Chrono Boost)  
  19  1:33  Nexus  
  19  1:39  Probe (Chrono Boost), Cybernetics Core  
  20  1:51  Probe (Chrono Boost)  
  21  1:55  Assimilator  
  21  2:06  Pylon  
  21  2:08  Probe (Chrono Boost)  
  22  2:21  Stalker  
  23  2:23  Probe (Chrono Boost)  
  23  2:28  Warp Gate  
  27  2:37  Mothership Core (Chrono Boost)  
  27  2:46  Pylon  
  27  2:48  Probe (Chrono Boost)  
  28  2:54  Adept  
  28  2:57  Probe (Chrono Boost)  
  31  3:00  Probe (Chrono Boost)  
  32  3:07  Pylon  
  32  3:09  Probe (Chrono Boost)  
  33  3:19  Gateway  
  33  3:20  Robotics Facility  
  33  3:21  Pylon  
  33  3:26  Probe (Chrono Boost)  
  35  3:27  Probe (Chrono Boost)  
  35  3:43  Probe (Chrono Boost)  
  35  3:44  Probe (Chrono Boost)  
  36  3:52  Stalker  
  36  3:54  Probe (Chrono Boost)  
  38  3:56  Probe (Chrono Boost)  
  40  4:03  Assimilator  
  40  4:06  Observer, Probe (Chrono Boost)  
  40  4:08  Probe (Chrono Boost)  
  44  4:18  Probe (Chrono Boost)  
  44  4:20  Probe (Chrono Boost)  
  45  4:26  Warp Prism  
  45  4:27  Gateway  
  45  4:29  Assimilator  
  45  4:30  Probe (Chrono Boost)  
  48  4:38  Stalker  
  48  4:39  Stalker  
  48  4:44  Twilight Council  
  48  4:45  Gateway  
  54  4:46  Probe x2 (Chrono Boost)  
  54  4:54  Pylon  
  54  4:58  Probe (Chrono Boost)  
  54  4:59  Probe (Chrono Boost)  
  56  5:02  Stalker  
  56  5:05  Pylon  
  58  5:11  Probe x2 (Chrono Boost)  
  60  5:19  Blink  
  55  5:34  Stalker x2  
  59  5:47  Probe x2 (Chrono Boost)  
  57  5:56  Immortal  
  55  5:59  Probe x2 (Chrono Boost)  
  55  6:02  Stalker x2  
  55  6:03  Stalker  
  65  6:32  Pylon, Observer  
  62  6:44  Nexus, Pylon  
  62  6:48  Forge  
  62  6:50  Pylon  
  64  6:54  Pylon  
  64  6:55  Probe x2 (Chrono Boost)  
  64  6:57  Gateway, Stalker x4  
  64  7:01  Pylon  
  72  7:07  Probe x2 (Chrono Boost)  
  66  7:23  Stalker x4  
  70  7:57  Stalker x2  
  66  8:03  Gateway  
  64  8:06  Gateway  
  64  8:11  Stalker  
Tags
 
Add a new tag
Caveats
  • Supply blocks, unpowered buildings, or Contaminate may cause inaccurate times.
  • Supply counts are checked every 10 seconds.